 Dungeon Crawl Stone Soup version 0.30-a0-331-g8ab09dc110 (webtiles) character file.

Game seed: 11968845002689330843

0 MisterAzrael the Grave Robber (level 1, -1/13 HPs)
             Began as a Vampire Necromancer on Oct 29, 2022.
             Slain by a quokka (5 damage)
             ... on level 1 of the Dungeon.
             The game lasted 00:00:14 (68 turns).

MisterAzrael the Grave Robber (Vampire Necromancer)   Turns: 68, Time: 00:00:15

Health: -1/13      AC:  2    Str:  7    XL:     1   Next: 8%
Magic:  0/3        EV: 12    Int: 17    God:
Gold:   0          SH:  0    Dex: 14    Spells: 3/4 levels left

rFire   . . .      SeeInvis +    (no weapon)
rCold   . . .      Faith    .    (no shield)
rNeg    . . .      Spirit   .    a - +0 robe
rPois   .          Reflect  .    (no helmet)
rElec   .          Harm     .    (no cloak)
rCorr   .          Rampage  .    (no gloves)
Will    .....                    (no boots)
Stlth   ++........               (no amulet)
HPRegen 0.42/turn                (no ring)
MPRegen 0.08/turn                (no ring)

@: healing quickly
A: alive, fangs 3, see invisible, vampiric 1
a: Exsanguinate


You were on level 1 of the Dungeon.
You visited 1 branch of the dungeon, and saw 1 of its levels.

Inventory:

Armour
 a - a +0 robe (worn)
Potions
 b - a potion of magic


   Skills:
 + Level 2.2 Dodging
 + Level 3.0 Stealth
 + Level 2.0 Spellcasting
 + Level 4.3 Necromancy


You had 3 spell levels left.
You knew the following spells:

 Your Spells              Type           Power      Damage    Failure   Level
a - Necrotise             Necr           64%        1d7       3%          1

Your spell library contained the following spells:

 Spells                   Type           Power      Damage    Failure   Level
 Vampiric Draining        Necr           16%        2d7       10%         3
 Animate Dead             Necr           16%        N/A       32%         4
 Agony                    Necr           16%        N/A       65%         5


Dungeon Overview and Level Annotations

Branches:
Dungeon (1/15)

Altars:


Innate Abilities, Weirdness & Mutations

Your natural rate of healing is accelerated.
You have razor-sharp teeth.
You have supernaturally acute eyesight. (SInv)
You are afflicted with vampirism.


Message History

Welcome, MisterAzrael the Vampire Necromancer.
Everyone else who sought the Orb of Zot has failed.
Will you be different?
Press ? for a list of commands and other information.
Found a staircase leading out of the dungeon.
You open the large door.
There is a large open door here.
Found 9 stones.
A frilled lizard comes into view.
You see here 9 stones.
The frilled lizard hisses angrily.
The frilled lizard writhes in agony.
The frilled lizard barely misses you.
The frilled lizard writhes in agony.
You kill the frilled lizard!
The dead are walking!
You start resting.
Magic restored.
A quokka comes into view.
A ball python comes into view.
Your frilled lizard skeleton crumbles into dust!
The quokka writhes in agony.
You miscast Necrotise.
You are very lightly contaminated with residual magic.
Nothing appears to happen.
The quokka barely resists.
The ball python hisses angrily.
The quokka misses you. The quokka attacks as you move away!
The quokka barely misses you.
Your magical contamination has completely faded away.
You barely miss the quokka. Your punch misses the quokka.
The quokka is moderately wounded.
The quokka bites you. The ball python closely misses you.
The ball python barely misses you. The quokka bites you.
You hit the quokka but do no damage. You bite the quokka.
The quokka is almost dead.
The ball python bites you. The ball python barely misses you.
The quokka closely misses you. The ball python misses you.
The ball python barely misses you. The quokka barely misses you.
The quokka attacks as you move away! The quokka bites you.
You die...

#...#.....
#...#.....
#.........
+.........
#....##.##
#....# #....#
##.r..# ##.@S..#
#..#####
#....###########
#....#8≈≈≈≈≈§≈8#
#..#.#.........#
#.(#.#.........#
#..#.'....8....#
#..#.'....8...<#
#..#.#.........#


You could see a quokka and a ball python.

Vanquished Creatures
  A frilled lizard (D:1)
1 creature vanquished.

Notes
Turn   | Place    | Note
-------+----------+-------------------------------------------
     0 | D:1      | MisterAzrael the Vampire Necromancer began the quest for
                  | the Orb.
     0 | D:1      | Reached XP level 1. HP: 13/13 MP: 3/3
    68 | D:1      | Slain by a quokka

Illustrated notes

Levels and vault maps discovered:
D:1:      lightli_arrival_noodles, layout_basic, serial_bayou_lagoon_b

Action                   || total
-------------------------++-------
Melee: Unarmed           ||     2
       Bite              ||     1
 Cast: Necrotise         ||     4
Dodge: Dodged            ||    10

Table legend: (Time is in decaauts)
 A = Elapsed time spent in this place.
 B = Non-inter-level travel time spent in this place.
 C = Inter-level travel time spent in this place.
 D = Time resting spent in this place.
 E = Time spent auto-exploring this place.
 F = Levels seen in this place.
 G = Mean time per level.
                   A        B        C        D        E       F      G
               +--------+--------+--------+--------+--------+-----+--------+
         Total |     68 |     68 |      0 |     20 |      0 |   1 |   68.0 |
       Dungeon |     68 |     68 |      0 |     20 |      0 |   1 |   68.0 |
               +--------+--------+--------+--------+--------+-----+--------+

Top non-repeatable levels by time:
     D:1: 68 daAuts
